 Dungeon Crawl Stone Soup version 0.8.0-178-g5053f60 character file.

97 TwilightPhoenix the Ducker (level 3, -1/20 HPs)
             Began as a Kenku Monk on June 25, 2011.
             Killed from afar by an orc wizard (8 damage)
             ... with a magic dart
             ... on Level 3 of the Dungeon.
             The game lasted 00:10:38 (2265 turns).

TwilightPhoenix the Ducker (Kenku Monk)             Turns: 2265, Time: 00:10:38

HP  -1/20        AC  2     Str 11 Exp: 3/64 (0), need: 26
MP   2/2         EV 13     Int 11      God:
Gold 53          SH  0     Dex 16      Spells:  0 memorised,  2 levels left

Res.Fire  : . . .   See Invis. : .   a - +1,+0 quarterstaff
Res.Cold  : . . .   Warding    : . . b - +0 robe
Life Prot.: . . .   Conserve   : .   (no shield)
Res.Acid. : . . .   Res.Corr.  : .   (helmet restricted)
Res.Poison: .       Clarity    : .   (no cloak)
Res.Elec. : .       Spirit.Shd : .   (no gloves)
Sust.Abil.: . .     Stasis     : .   (boots unavailable)
Res.Mut.  : .       Ctrl.Telep.: .   (no amulet)
Res.Rott. : .       Levitation : .   (no ring)
Saprovore : . . .   Ctrl.Flight: .   h - cursed ring of hunger {unknown}

@: not resistant to hostile enchantments, fairly stealthy
A: beak, talons 3
a: no special abilities


You were on level 3 of the Dungeon.
You were not hungry.

You visited 1 branch of the dungeon, and saw 3 of its levels.

You collected 53 gold pieces.

Inventory:

Hand weapons
 a - a +1,+0 quarterstaff (weapon)
 f - a +0,+0 knife
Missiles
 p - 26 poisoned +0 needles
Armour
 b - a +0 robe (worn)
Comestibles
 c - 2 bread rations
 i - a chunk of goblin flesh
 o - 2 meat rations
Scrolls
 e - 2 scrolls of enchant armour {unknown}
 g - a scroll of magic mapping
 n - 2 scrolls of identify {unknown}
 r - a scroll of detect curse {unknown}
Jewellery
 h - a cursed ring of hunger (left hand) {unknown}
Potions
 d - a potion of levitation {unknown}
 l - a potion of mutation {unknown}
 m - a potion of heal wounds {unknown}
 q - a potion of invisibility {unknown} You had 0 experience left.


   Skills:
 + Level 3 Fighting
 + Level 3 Staves
 + Level 3 Dodging
 - Level 2 Stealth
 - Level 1 Unarmed Combat


You had 2 spell levels left.
You didn't know any spells.

Dungeon Overview and Level Annotations

Branches:
Dungeon (3/27)

Altars:
Fedhas

Annotations
D:2 exclusion: snake


Innate Abilities, Weirdness & Mutations

You have a beak for a mouth.
You have claws for feet.


Message History

You feel better. The orc wizard casts a spell at you.
The puff of flame hits you! The orc wizard misses you.
The orc wizard's eyes start to glow.
The orc wizard casts a spell at you. The magic dart hits you!
You die...

∙∙∙∙∙∙∙∙∙∙∙∙∙▒▒
∙∙∙∙∙∙∙∙∙∙∙∙▒▒
∙∙∙∙∙∙∙∙∙∙∙▒▒
∙∙∙∙∙∙∙∙∙∙▒▒
▒▒▒▒▒∙∙∙▒▒▒
▒▒▒▒▒∙▒∙▒▒▒▒▒
▒∙∙∙>∙▒∙)o∙∙▒▒▒▒▒
▒∙▒▒▒∙▒∙▒▒▒o▒∙∙∙▒
∙∙∙∙▒∙▒∙@∙o∙▒∙▒∙▒
∙∙▒∙∙∙∙∙▒∙▒▒▒∙▒∙▒
∙∙∙∙∙∙▒∙▒∙∙∙∙∙▒∙▒
∙∙∙∙∙∙∙∙▒▒▒▒▒▒▒∙∙
∙∙∙∙<∙∙∙∙∙∙▒▒∙∙∙∙
∙∙∙∙▒▒▒▒▒▒∙▒▒∙▒∙∙
∙∙∙∙∙∙∙∙▒▒∙▒▒∙▒▒∙
∙∙∙∙∙▒▒∙▒▒∙∙∙∙▒▒∙
'▒'▒∙▒▒∙▒▒▒▒▒▒▒▒∙


You could see an orc wizard and an orc.

Vanquished Creatures
  A giant mite (D:3)
  An ooze (D:1)
  An orc (D:3)
  2 giant cockroaches (D:3)
  2 hobgoblins (D:2)
  6 jackals
  A kobold (D:2)
  2 giant newts (D:1)
  7 goblins
  3 megabats
  6 rats
  A small snake (D:2)
33 creatures vanquished.

Vanquished Creatures (others)
  A toadstool (D:2)
1 creature vanquished.

Grand Total: 34 creatures vanquished

Notes
Turn   | Place    | Note
--------------------------------------------------------------
     0 | D:1      | TwilightPhoenix, the Kenku Monk, began the quest for the Orb.
     0 | D:1      | Reached XP level 1. HP: 11/11 MP: 0/0
     0 | D:1      | Noticed a spriggan zombie
     2 | D:1      | Noticed a human zombie
     4 | D:1      | Noticed an orc zombie
     4 | D:1      | Noticed a draconian zombie
     6 | D:1      | Noticed an elf zombie
     7 | D:1      | Noticed a troll zombie
     8 | D:1      | Noticed a minotaur zombie
    11 | D:1      | Noticed an ogre zombie
    11 | D:1      | Noticed a draconian zombie
    13 | D:1      | Noticed a troll zombie
    13 | D:1      | Noticed an ogre zombie
    14 | D:1      | Noticed an orc zombie
    14 | D:1      | Noticed a troll zombie
    16 | D:1      | Noticed a troll zombie
    18 | D:1      | Noticed an elf zombie
    20 | D:1      | Noticed an orc zombie
    22 | D:1      | Noticed an elf zombie
   909 | D:2      | Reached XP level 2. HP: 16/16 MP: 1/1
  1931 | D:3      | Found a blossoming altar of Fedhas.
  1988 | D:3      | Reached XP level 3. HP: 17/20 MP: 2/2
  2265 | D:3      | Killed from afar by an orc wizard
